 Dungeon Crawl Stone Soup version 0.26-a0-712-ga5a9c9c9d0 (webtiles) character file.

Game seed: 17896091283886662208

3 nicanaca0 the Skirmisher (level 1, 0/23 HPs)
             Began as a Gnoll Wanderer on Nov 11, 2020.
             Slain by a bat (1 damage)
             ... on level 1 of the Dungeon.
             The game lasted 00:00:23 (53 turns).

nicanaca0 the Skirmisher (Gnoll Wanderer)             Turns: 53, Time: 00:00:23

Health: 0/23       AC:  2    Str: 13    XL:     1   Next: 50%
Magic:  1/1        EV: 11    Int: 18    God:
Gold:   9          SH:  0    Dex: 11    Spells: 0/0 levels left

rFire    . . .     SeeInvis .   a - +2 spear
rCold    . . .     Faith    .   (no shield)
rNeg     . . .     Spirit   .   d - +0 robe
rPois    .         Reflect  .   (no helmet)
rElec    .         Harm     .   (no cloak)
rCorr    .         Rampage  .   (no gloves)
MR       .....                  (no boots)
Stlth    ++........             (no amulet)
HPRegen  0.07/turn              (no ring)
MPRegen  0.07/turn              (no ring)

@: no status effects
A: distributed training, fangs 1, strong nose
a: no special abilities


You were on level 1 of the Dungeon.
You visited 1 branch of the dungeon, and saw 1 of its levels.

You collected 9 gold pieces.

Inventory:

Hand Weapons
 a - a +2 spear (weapon)
Armour
 d - a +0 robe (worn)
Scrolls
 b - a scroll of enchant weapon {unknown}


   Skills:
 + Level 6.4 Fighting
 + Level 0.0 Short Blades
 + Level 0.0 Long Blades
 + Level 0.0 Axes
 + Level 0.0 Maces & Flails
 + Level 0.0 Polearms
 + Level 0.0 Staves
 + Level 0.0 Slings
 + Level 0.0 Bows
 + Level 0.0 Crossbows
 + Level 2.3 Throwing
 + Level 4.4 Armour
 + Level 0.0 Dodging
 + Level 2.1 Stealth
 + Level 0.0 Shields
 + Level 0.0 Unarmed Combat
 + Level 0.0 Spellcasting
 + Level 0.0 Conjurations
 + Level 0.0 Hexes
 + Level 3.6 Summonings
 + Level 0.0 Necromancy
 + Level 0.0 Translocations
 + Level 0.0 Transmutations
 + Level 1.9 Fire Magic
 + Level 0.0 Ice Magic
 + Level 0.0 Air Magic
 + Level 0.0 Earth Magic
 + Level 0.0 Poison Magic
 + Level 0.1 Invocations
 + Level 0.0 Evocations


You couldn't memorise any spells.
You didn't know any spells.
Your spell library contained the following spells:

 Spells                   Type           Power        Failure   Level
 Summon Small Mammal      Summ           ##..         4%          1
 Sting                    Tmut/Pois      #...         22%         1
 Summon Guardian Golem    Hex/Summ       #.......     30%         3
 Mephitic Cloud           Conj/Pois/Air  #.......     54%         3


Dungeon Overview and Level Annotations

Branches:
Dungeon (1/15)

Altars:


Innate Abilities, Weirdness & Mutations

Your experience applies equally to all skills.
You have very sharp teeth.
Your uncanny sense of smell can sniff out nearby items.


Message History

The kobold hits you with a +0 whip of pain.
* * * LOW HITPOINT WARNING * * *
The bat barely misses you. The bat hits you but does no damage.
The bat misses you. The bat hits you.
* * * LOW HITPOINT WARNING * * *
You are too injured to fight recklessly!
You barely miss the kobold.
The kobold is heavily wounded.
The bat closely misses you. The kobold barely misses you.
You closely miss the kobold.
The kobold is heavily wounded.
The bat closely misses you. The bat hits you but does no damage.
The kobold hits you but does no damage. The bat barely misses you.
You closely miss the kobold.
The kobold is heavily wounded.
The bat closely misses you. The bat barely misses you.
The bat closely misses you. The kobold barely misses you.
The kobold closely misses you. The bat hits you.
You die...

.≈.≈.≈.≈.≈.≈.
.#...#...#...#
.≈.≈.≈.≈.≈.≈.≈#
.#...#...#...#.#
#≈.≈.≈.≈.≈.≈.≈.b##
....#...#...#....#
.≈.≈.≈.≈.≈.†.≈K≈.#
..#...#...#(..#.b###.#
.≈.≈.≈.≈.≈†≈.≈K≈@....#
....#...#..(#....#####
#≈.≈.≈.≈$≈.≈.≈.≈.#
#.#...#...#...#..#
...≈.≈.≈.≈.≈.≈...#
#........###....##
########## ######


You could see 2 bats and 2 kobolds.

Vanquished Creatures
  A dart slug (D:1)
  A rat (D:1)
2 creatures vanquished.

Notes
Turn   | Place    | Note
-------+----------+-------------------------------------------
     0 | D:1      | nicanaca0 the Gnoll Wanderer began the quest for the Orb.
     0 | D:1      | nicanaca0 set off with the following items: a +2 spear, a
                  | +0 robe; and the following spells available to memorise:
                  | Summon Small Mammal, Sting, Summon Guardian Golem, Mephitic
                  | Cloud
     0 | D:1      | Reached XP level 1. HP: 23/23 MP: 1/1
    49 | D:1      | HP: 1/23 [bat (1)]
    53 | D:1      | Slain by a bat

Illustrated notes

Levels and vault maps discovered:
D:1:      elethiomel_arrival_shortcut, layout_loops_cross, kennysheep_crisscross

Action                   || total
-------------------------++-------
Melee: Spear             ||    11
Armor: Robe              ||     8
Dodge: Dodged            ||    19

Table legend: (Time is in decaauts)
 A = Elapsed time spent in this place.
 B = Non-inter-level travel time spent in this place.
 C = Inter-level travel time spent in this place.
 D = Time resting spent in this place.
 E = Time spent auto-exploring this place.
 F = Levels seen in this place.
 G = Mean time per level.
                   A        B        C        D        E       F      G
               +--------+--------+--------+--------+--------+-----+--------+
         Total |     54 |     54 |      0 |      0 |     29 |   1 |   54.0 |
       Dungeon |     54 |     54 |      0 |      0 |     29 |   1 |   54.0 |
               +--------+--------+--------+--------+--------+-----+--------+

Top non-repeatable levels by time:
     D:1: 54 daAuts
